AoeStats
← Eby

Arabia

508289444Analyzed
1v1 RM · 10d ago on Sep 21, 2026· 28m 53s· 2 players
Game mode
Random Map
Map size
Tiny (2 player)
Population
200
Speed
Normal
Resources
Standard
Victory
Conquest
Starting age
Dark Age
Ending age
Imperial Age
RankedLock teamsTeams togetherTeam positionsShared explorationLock speedFull tech treeHidden civsTurbo modeCheats
Victory
Defeat
🇮🇳 Persians · India
1375
+18
🇪🇸 Vietnamese · Spain
1420
-18
Eby
5:47 Loom
8:25 Feudal Age
13:18 Horse Collar
15:49 Fletching
20:53 Castle Age
19:00 Double-Bit Axe
19:47 Gold Mining
20:38 Scale Barding Armor
21:10 Bloodlines
22:42 Husbandry
25:27 Chain Barding Armor
27:47 Forging
28:02 Heavy Plow
28:57 Gold Shaft Mining
OnDDo
6:03 Loom
9:33 Feudal Age
10:06 Double-Bit Axe
13:30 Wheelbarrow
16:24 Town Watch
21:41 Castle Age
20:09 Fletching
20:59 Padded Archer Armor
21:26 Gold Mining
21:46 Scale Mail Armor
21:56 Forging
21:43 Crossbowman
22:50 Bow Saw
24:02 Bodkin Arrow
26:10 Hand Cart
28:20 Chain Mail Armor
Connection lost

Rejoining the realm…

Still unreachable

The connection could not be restored.

Session expired

The server has moved on; the page needs a fresh start.